 Dungeon Crawl Stone Soup version 0.27.1-33-g824d729ab1 (webtiles) character file.

Game seed: 700262386969556923

890 Syndras1 the Shield-Bearer (level 8, -7/67 HPs)
             Began as a Gnoll Fighter on Dec 6, 2021.
             Mangled by a scorpion (8 damage)
             ... on level 6 of the Dungeon.
             The game lasted 00:10:24 (4368 turns).

Syndras1 the Shield-Bearer (Gnoll Fighter)          Turns: 4368, Time: 00:10:25

Health: -7/67      AC:  7    Str: 17    XL:     8   Next: 6%
Magic:  12/12      EV:  9    Int:  8    God:
Gold:   166        SH:  0    Dex: 12    Spells: 12/12 levels left

rFire    . . .     SeeInvis .   a - +0 war axe
rCold    . . .     Faith    .   c - +0 kite shield
rNeg     . . .     Spirit   .   b - +0 scale mail
rPois    .         Reflect  .   (no helmet)
rElec    .         Harm     .   (no cloak)
rCorr    .         Rampage  .   (no gloves)
Will     .....                  (no boots)
Stlth    ..........             (no amulet)
HPRegen  0.21/turn              (no ring)
MPRegen  0.13/turn              (no ring)

@: confused, lethally poisoned (-7 -> -21), ambrosia-drunk
A: fangs 1, strong nose, distributed training
a: no special abilities


You were on level 6 of the Dungeon.
You visited 1 branch of the dungeon, and saw 6 of its levels.

You collected 166 gold pieces.

Inventory:

Hand Weapons
 a - a +0 war axe (weapon)
 o - a +3 dagger of holy wrath
 q - a +2 vampiric hand axe
 r - a +2 trident of distortion
Missiles
 d - 20 stones
 f - 70 arrows
 g - 28 bolts
 h - 5 javelins (quivered)
 p - 4 silver javelins
 s - 3 boomerangs
Armour
 b - a +0 scale mail (worn)
 c - a +0 kite shield (worn)
Scrolls
 e - 3 scrolls of identify {unknown}
 i - a scroll of acquirement {unknown}
 k - 2 scrolls of magic mapping {unknown}
 l - a scroll of vulnerability {unknown}
 m - 3 scrolls of teleportation {unknown}
 t - a scroll of brand weapon {unknown}
Potions
 n - a potion of haste


   Skills:
 + Level 7.2 Fighting
 + Level 2.9 Short Blades
 + Level 2.9 Long Blades
 + Level 5.4 Axes
 + Level 2.9 Maces & Flails
 + Level 2.9 Polearms
 + Level 2.9 Staves
 + Level 2.9 Slings
 + Level 2.9 Bows
 + Level 2.9 Crossbows
 + Level 2.9 Throwing
 + Level 7.2 Armour
 + Level 2.9 Dodging
 + Level 2.9 Stealth
 + Level 7.2 Shields
 + Level 2.9 Unarmed Combat
 + Level 2.9 Spellcasting
 + Level 2.3 Conjurations
 + Level 2.3 Hexes
 + Level 2.3 Summonings
 + Level 2.3 Necromancy
 + Level 2.3 Translocations
 + Level 2.3 Transmutations
 + Level 2.3 Fire Magic
 + Level 2.3 Ice Magic
 + Level 2.3 Air Magic
 + Level 2.3 Earth Magic
 + Level 2.3 Poison Magic
 + Level 3.2 Invocations
 + Level 2.9 Evocations


You had 12 spell levels left.
You didn't know any spells.
Your spell library contained the following spells:

 Spells                   Type           Power      Damage    Failure   Level
 Magic Dart               Conj           16%        1d3       69%         1
 Call Imp                 Summ           4%         N/A       83%         2
 Mephitic Cloud           Conj/Pois/Air  4%         N/A       96%         3


Dungeon Overview and Level Annotations

Branches:
Dungeon (7/15)
 Temple: D:4-7

Altars:
Wu Jian

Shops:
D:2 (


Innate Abilities, Weirdness & Mutations

You have very sharp teeth.
Your uncanny sense of smell can sniff out nearby items.
Your experience applies equally to all skills.


Message History

You hit the scorpion.
The scorpion is severely wounded.
You block the scorpion's attack. x2
You barely miss the scorpion.
The scorpion is severely wounded.
The scorpion stings you but does no damage.
You hit the scorpion but do no damage.
The scorpion is severely wounded.
You block the scorpion's attack. The scorpion stings you.
You are poisoned.
The scorpion poisons you!
You closely miss the scorpion. You bite the scorpion.
The scorpion is almost dead.
You feel very sick. The scorpion stings you!
* * * LOW HITPOINT WARNING * * *
You are more poisoned.
The scorpion poisons you! You block the scorpion's attack.
You barely miss the scorpion.
The scorpion is almost dead.
* * * LOW HITPOINT WARNING * * *
You feel very sick. The scorpion stings you.
* * * LOW HITPOINT WARNING * * *
You are more poisoned.
The scorpion poisons you!
You barely miss the scorpion.
The scorpion is almost dead.
* * * LOW HITPOINT WARNING * * *
You feel extremely sick.
The scorpion stings you but does no damage.
The scorpion stings you.
* * * LOW HITPOINT WARNING * * *
It was a potion of ambrosia.
You are confused.
You feel invigorated.
* * * LOW HITPOINT WARNING * * *
You feel very sick. The scorpion stings you!
You die...

..### # ########o
.$.. .# #........
...###. #........
..... #......o.
.... #.......o
#..### <.......Z
#.)..# ........o .
#s# ......... ..
#@# .###.#### ...
##.# #. # .... #..#
# # .....##.## #
........## ## .. .
.........## .#..#
#.
.......#..##.#.###.
.......##..........
........#..........


You could see a scorpion.

Vanquished Creatures
  A water moccasin (D:7)
  2 sky beasts (D:7)
  A bullfrog (D:7)
  2 scorpions (D:4)
  A jelly (D:7)
  A hound (D:6)
  An orc priest (D:7)
  2 iguanas
  Natasha (thrice) (D:2)
  3 orc wizards (D:6)
  A howler monkey zombie (D:6)
  A gnoll (D:1)
  3 adders
  3 dart slugs
  8 orcs
  11 ball pythons
  9 endoplasms
  A giant cockroach (D:1)
  5 goblins
  6 hobgoblins
  7 kobolds
  5 quokkas
  9 bats
  3 frilled lizards
  5 rats
94 creatures vanquished.

Notes
Turn   | Place    | Note
-------+----------+-------------------------------------------
     0 | D:1      | Syndras1 the Gnoll Fighter began the quest for the Orb.
     0 | D:1      | Reached XP level 1. HP: 23/23 MP: 1/1
    55 | D:1      | Reached XP level 2. HP: 22/29 MP: 2/2
   200 | D:1      | Found a faded altar of an unknown god.
   326 | D:1      | Reached XP level 3. HP: 35/35 MP: 3/3
   372 | D:1      | Reached skill level 1 in Invocations
   686 | D:1      | Reached skill level 1 in Short Blades
   686 | D:1      | Reached skill level 1 in Long Blades
   686 | D:1      | Reached skill level 1 in Maces & Flails
   686 | D:1      | Reached skill level 1 in Polearms
   686 | D:1      | Reached skill level 1 in Staves
   686 | D:1      | Reached skill level 1 in Slings
   686 | D:1      | Reached skill level 1 in Bows
   686 | D:1      | Reached skill level 1 in Crossbows
   686 | D:1      | Reached skill level 1 in Throwing
   686 | D:1      | Reached skill level 1 in Dodging
   686 | D:1      | Reached skill level 1 in Stealth
   686 | D:1      | Reached skill level 1 in Unarmed Combat
   686 | D:1      | Reached skill level 1 in Spellcasting
   686 | D:1      | Reached skill level 1 in Evocations
   785 | D:2      | Noticed Natasha
   792 | D:2      | Killed Natasha
   793 | D:2      | Reached XP level 4. HP: 37/41 MP: 5/5
   996 | D:2      | Found Vutajyut's Weapon Shop.
  1013 | D:2      | Reached skill level 1 in Conjurations
  1013 | D:2      | Reached skill level 1 in Hexes
  1013 | D:2      | Reached skill level 1 in Summonings
  1013 | D:2      | Reached skill level 1 in Necromancy
  1013 | D:2      | Reached skill level 1 in Translocations
  1013 | D:2      | Reached skill level 1 in Transmutations
  1013 | D:2      | Reached skill level 1 in Fire Magic
  1013 | D:2      | Reached skill level 1 in Ice Magic
  1013 | D:2      | Reached skill level 1 in Air Magic
  1013 | D:2      | Reached skill level 1 in Earth Magic
  1013 | D:2      | Reached skill level 1 in Poison Magic
  1044 | D:2      | Noticed Natasha
  1054 | D:2      | Killed Natasha
  1142 | D:2      | Reached XP level 5. HP: 47/47 MP: 6/6
  1560 | D:2      | Noticed Natasha
  1580 | D:2      | Killed Natasha
  1709 | D:3      | Found an ornate altar of the Wu Jian Council.
  2558 | D:4      | Reached XP level 6. HP: 17/53 MP: 8/8
  2969 | D:4      | Reached skill level 5 in Axes
  3186 | D:4      | You fall into a shaft and drop 2 floors!
  3186 | D:6      | Noticed an orc warrior
  3188 | D:6      | Noticed an orc warrior
  3351 | D:7      | Noticed a sky beast
  3373 | D:7      | Killed a sky beast
  3525 | D:7      | Noticed a water moccasin
  3531 | D:7      | Killed a water moccasin
  3532 | D:7      | Reached XP level 7. HP: 60/60 MP: 10/10
  4350 | D:6      | Reached XP level 8. HP: 44/67 MP: 12/12
  4367 | D:6      | HP: 2/67 [poisoned by a scorpion]
  4368 | D:6      | Mangled by a scorpion

Illustrated notes

Levels and vault maps discovered:
D:1:      eino_arrival_water_cross, layout_basic,
          hellmonk_ecumenical_altar_pennies_from_heaven, st_stairs_14,
          minmay_tripent
D:2:      layout_basic, serial_shops, shop, uniq_natasha
D:3:      layout_rooms, mainiacjoe_overflow_six_doors_small,
          serial_corexii_hall, chequers_hall_statues_y, corexii_hall_statues_u,
          saegor_snake_ambush
D:4:      layout_cave_pools, minmay_ogre_servants
D:6:      layout_rooms, serial_shops, nicolae_shop_stone
D:7:      layout_basic, serial_glass, glass_columns_a, glass_columns_a,
          glass_columns_a, glass_columns_a, minmay_strange_pillars

Skill      XL: |  1  2  3  4  5  6  7 |
---------------+----------------------+-----
Invocations    | 1 2 3 |  3.2
Short Blades   | 1 2 |  2.9
Long Blades    | 1 2 |  2.9
Maces & Flails | 1 2 |  2.9
Polearms       | 1 2 |  2.9
Staves         | 1 2 |  2.9
Slings         | 1 2 |  2.9
Bows           | 1 2 |  2.9
Crossbows      | 1 2 |  2.9
Throwing       | 1 2 |  2.9
Dodging        | 1 2 |  2.9
Stealth        | 1 2 |  2.9
Unarmed Combat | 1 2 |  2.9
Spellcasting   | 1 2 |  2.9
Evocations     | 1 2 |  2.9
Conjurations   | 1 2 |  2.3
Hexes          | 1 2 |  2.3
Summonings     | 1 2 |  2.3
Necromancy     | 1 2 |  2.3
Translocations | 1 2 |  2.3
Transmutations | 1 2 |  2.3
Fire Magic     | 1 2 |  2.3
Ice Magic      | 1 2 |  2.3
Air Magic      | 1 2 |  2.3
Earth Magic    | 1 2 |  2.3
Poison Magic   | 1 2 |  2.3
Axes           | 5 |  5.4
Fighting       | 7 |  7.2
Armour         | 7 |  7.2
Shields        | 7 |  7.2

Action                   |  1- 3 |  4- 6 |  7- 9 || total
-------------------------+-------+-------+-------++-------
Melee: War axe           |    78 |   151 |    87 ||   316
       Bite              |     7 |    11 |     8 ||    26
Throw: Javelin           |       |     1 |     1 ||     2
  Use: Potion            |       |     3 |     1 ||     4
Armor: Scale mail        |    30 |    70 |    33 ||   133
Dodge: Dodged            |    20 |    45 |    28 ||    93
Block: Kite shield       |    51 |    74 |    56 ||   181
